 Dungeon Crawl Stone Soup version 0.27-b1-2-g8387495791 (webtiles) character file.

Game seed: 6851618706835275072

226 seveneves the Covered (level 5, -6/43 HPs)
             Began as a Palentonga Fighter on July 25, 2021.
             Was a Follower of Qazlal.
             Killed by nerve-wracking pain
             ... invoked by an orc priest
              (10 damage)
             ... on level 4 of the Dungeon.
             The game lasted 00:10:10 (2247 turns).

seveneves the Covered (Palentonga Fighter)          Turns: 2247, Time: 00:10:10

Health: -6/43      AC:  8    Str: 20    XL:     5   Next: 69%
Magic:  5/5        EV:  6    Int:  8    God:    Qazlal [*.....]
Gold:   145        SH: 10    Dex: 10    Spells: 4/4 levels left

rFire    . . .     SeeInvis +   f - +2 dagger (venom)
rCold    . . .     Faith    .   c - +0 kite shield
rNeg     . . .     Spirit   .   b - +0 scale mail
rPois    .         Reflect  .   e - +0 helmet
rElec    .         Harm     .   (no cloak)
rCorr    .         Rampage  .   (no gloves)
Will     .....                  (no barding)
Stlth    ..........             (no amulet)
HPRegen  0.14/turn              (no ring)
MPRegen  0.09/turn              (no ring)

@: hasted, very quick
A: large, rugged brown scales 3, see invisible, deformed body, roll 1, armoured
tail, MP-powered wands
a: Rolling Charge, Renounce Religion


You were on level 4 of the Dungeon.
You worshipped Qazlal.
Qazlal was aware of your devotion.
You visited 1 branch of the dungeon, and saw 4 of its levels.

You collected 145 gold pieces.

Inventory:

Hand Weapons
 a - a +0 flail
 f - a +2 dagger of venom (weapon)
Armour
 b - a +0 scale mail (worn)
 c - a +0 kite shield (worn)
 e - a +0 helmet (worn)
 l - a +0 plate armour
Scrolls
 g - a scroll of holy word {unknown}
 h - 2 scrolls of identify {unknown}
Potions
 d - 2 potions of might


   Skills:
 + Level 3.5 Fighting
 + Level 2.4 Short Blades
 + Level 2.4 Maces & Flails
 + Level 3.7 Armour
 + Level 1.0 Dodging
 + Level 0.1 Stealth
 + Level 3.0 Shields


You had 4 spell levels left.
You didn't know any spells.
Your spell library was empty.

Dungeon Overview and Level Annotations

Branches:
Dungeon (4/15)
 Temple: D:4-7

Altars:
Qazlal


Innate Abilities, Weirdness & Mutations

You are completely covered in rugged brown scales. (AC +3, +7% HP)
You have supernaturally acute eyesight. (SInv)
Armour fits poorly on your strangely shaped body.
You can roll at nearby foes to attack.
You have a long armoured tail.
You expend magic power (3 MP) to strengthen your wands.


Message History

You hit the orc.
You kill the orc!
Qazlal accepts your kill.
You hit the orc priest.
The orc priest is poisoned.
The orc priest is moderately wounded.
You hit the orc priest but do no damage.
The orc priest looks as sick as possible!
The orc priest is moderately wounded.
The orc priest hits you but does no damage.
You hit the orc priest.
The orc priest is heavily wounded.
The orc priest mumbles some strange prayers to Beogh against you.
Pain shoots through your body!
* * * LOW HITPOINT WARNING * * *
You hit the orc priest.
The orc priest looks as sick as possible!
Your tail-slap misses the orc priest.
The orc priest is severely wounded.
The orc priest barely misses you.
You closely miss the orc priest.
The orc priest is almost dead.
You hit the orc priest but do no damage.
The orc priest looks as sick as possible!
The orc priest is almost dead.
You kill the orc priest!
Qazlal accepts your kill.
Your Dodging skill increases to level 1!
Your Shields skill increases to level 3!
You hit the orc priest.
The orc priest is poisoned.
Your tail-slap misses the orc priest.
The orc priest is heavily wounded.
You block the orc priest's attack.
You barely miss the orc priest.
The orc priest is heavily wounded.
Your scale mail prevents you from hitting the orc priest.
Your tail-slap misses the orc priest.
The orc priest is severely wounded.
The orc priest calls down the wrath of Beogh upon you.
Pain shoots through your body!
You die...

.........
.......
......
..... ...#
.o# #
#+#o# #>
#.#@#
###.##.#)#
......#)#
#.#....#
#....>.###
#........#
####.###.#
#.# ...
#.# ####


You could see an orc priest (very poisoned) and an orc.

Vanquished Creatures
  A scorpion (D:3)
  An orc priest (D:4)
  Natasha (twice) (D:3)
  2 adders (D:3)
  2 worms
  9 orcs
  4 ball pythons
  4 endoplasms
  4 giant cockroaches
  3 goblins (D:1)
  2 hobgoblins
  6 jackals
  3 kobolds
  4 quokkas
  4 bats (D:2)
  2 frilled lizards
  A rat (D:1)
54 creatures vanquished.

Notes
Turn   | Place    | Note
-------+----------+-------------------------------------------
     0 | D:1      | seveneves the Palentonga Fighter began the quest for the
                  | Orb.
     0 | D:1      | Reached XP level 1. HP: 19/19 MP: 1/1
   183 | D:1      | Reached XP level 2. HP: 24/25 MP: 2/2
  1124 | D:2      | Reached XP level 3. HP: 26/31 MP: 3/3
  1159 | D:2      | Found a stormy altar of Qazlal.
  1165 | D:2      | Became a worshipper of Qazlal Stormbringer
  1438 | D:3      | Noticed a scorpion
  1444 | D:3      | Killed a scorpion
  1445 | D:3      | Reached skill level 1 in Short Blades
  1445 | D:3      | Reached XP level 4. HP: 31/37 MP: 4/4
  1465 | D:3      | Gained mutation: You expend magic power (3 MP) to
                  | strengthen your wands. [potion of mutation]
  1492 | D:3      | Found a stormy altar of Qazlal.
  1906 | D:3      | Noticed Natasha
  1913 | D:3      | Killed Natasha
  1914 | D:3      | Reached XP level 5. HP: 36/43 MP: 5/5
  2026 | D:3      | Noticed Natasha
  2050 | D:3      | Killed Natasha
  2226 | D:4      | Reached * piety under Qazlal
  2245 | D:4      | Reached skill level 1 in Dodging
  2247 | D:4      | Killed from afar by an orc priest

Illustrated notes

Levels and vault maps discovered:
D:1:      psy_arrival_dodecagon, layout_basic
D:2:      layout_basic, basic_altar, minmay_3d_cube
D:3:      layout_loops_ring, mainiacjoe_overflow_tiny_flanked, uniq_natasha
D:4:      layout_loops_corners, minmay_temple_entry_tees, enter_ossuary_5

Skill      XL: |  1  2  3  4  5 |
---------------+----------------+-----
Short Blades   | 1 2 |  2.4
Armour         | 3 |  3.7
Dodging        | 1 |  1.0
Shields        | 3 |  3.0
Fighting       | |  3.5
Maces & Flails | |  2.4
Stealth        | |  0.1

Action                   |  1- 3 |  4- 6 || total
-------------------------+-------+-------++-------
Melee: Flail             |    14 |       ||    14
       Dagger            |    74 |    75 ||   149
       Tailslap          |     2 |     8 ||    10
  Use: Potion            |     1 |     5 ||     6
       Scroll            |       |     3 ||     3
Armor: Scale mail        |    39 |    25 ||    64
Dodge: Dodged            |    19 |    10 ||    29
Block: Kite shield       |    34 |    17 ||    51
